Unix NetHack Version 5.0.0-0 post-release - last build Jun 10 2026 00:39:30 (3ee93aec679c4c4259841fe613dc97188e26a321,branch:main).

Game began 2026-06-20 17:58:09, ended 2026-06-21 05:37:34.

LDaviesPeters, neutral female human Archeologist

                                      ------
                                      |....|     -------------
                                      |{..(|     |.*.........|
                                      |....|     |...........|     ---------
                                      |....|  ###|...........-###  |.....|.|
                                      |.....###  ----|---|----  ###.....{..|
                                      |....|##       #   #         |.......|
                                      ---.-- #       #   ###       ---.-----
                                         ##########  #     #          #
                                         #     #  ## ##    #####      ####
                                        ##      ---.--.-----   ####      #
                                  ------|-      |...........####  #########
                                  |......|      ...........|  ####     ---.-
                               ###|......|      |<.........+###  ##    |...|
                                 u@......|      |..........|           |...|
                                  --.-----      |...(......|           |.>.|
                                    #           |..........|           |...|
                                                ------------           -----

LDaviesPeters the Field Worker  St:14 Dx:13 Co:12 In:12 Wi:14 Ch:13  Neutral
Dlvl:5  $:0  HP:0(31) Pw:17(17) AC:9  Xp:4 T:2596 

Latest messages:
 You hear someone counting gold coins.
 You see here 9 gold pieces.
 $ - 9 gold pieces (18 in total).
 You see here a chest.
 What do you want to use or apply? [abfgknJL or ?*] b
 You put 18 gold pieces into the sack.
 Hmmm, the chest turns out to be locked.
 Unlock it with your key? [ynq] (q) y
 You succeed in unlocking the chest.
 Q - a scroll of confuse monster.
 R - 2 brown potions.
 S - a wand of digging.
 What do you want to use or apply? [abfgknJLS or ?*] b
 You put a scroll of confuse monster into the sack.
 You put a scroll of create monster into the sack.
 You put 2 brown potions into the sack.
 You are carrying too much to get through.
 You find a hidden passage.
 The door opens.
 You find a hidden door.
 The paper golem opens a door.
 You already found a monster.  Use 'm' prefix to force another search.
 You already found a monster.  Use 'm' prefix to force another search.
 You lash the paper golem.
 The paper golem hits!
 You lash the paper golem.
 The paper golem hits!
 You lash the paper golem.
 The paper golem hits!
 You lash the paper golem.
 The paper golem turns to flee.
 Pick a monster, object or location.
 u        a unicorn or horse (pony)
 The pony kicks!
 The pony bites!
 You miss the pony.
 The pony kicks!
 The pony bites!
 You miss the pony.
 The pony kicks!
 The pony bites!
 You lash the pony.
 The pony kicks!
 The pony bites!
 You miss the pony.
 The pony kicks!
 The pony bites!
 The pony kicks!
 You die...
 Do you want your possessions identified? [ynq] (y) q

Inventory:
 Weapons  (')')
  a - a +2 bullwhip (weapon in right hand)
  v - a +0 long sword
 Armor    ('[')
  B - a cursed +0 dented pot
  c - a blessed +0 fedora (being worn)
  h - an uncursed +0 leather jacket (being worn)
 Comestibles  ('%')
  n - an uncursed cream pie
  d - 8 uncursed food rations
  A - a cursed food ration
 Rings    ('=')
  H - an uncursed +2 ring of adornment
  M - an uncursed ring of sustain ability
 Wands    ('/')
  S - a wand of digging (0:4)
  J - a cursed wand of digging (0:5)
 Tools    ('(')
  b - an uncursed sack containing 6 items
  k - an uncursed skeleton key
  L - an uncursed tin whistle
  f - a tinning kit (0:67)
 Gems/Stones  ('*')
  O - an uncursed agate stone
  P - an uncursed fluorite stone
  g - an uncursed touchstone

Contents of the sack:
  294 gold pieces
  a cursed scroll of confuse monster
  an uncursed scroll of create monster
  a cursed scroll of gold detection
  4 uncursed potions of healing
  a +0 pick-axe

LDaviesPeters the Archeologist's attributes:

Background:
 You were a Field Worker, a level 4 female human Archeologist.
 You were neutral, nominally on a mission for Camaxtli
 who was opposed by Quetzalcoatl (lawful) and Huhetotl (chaotic).
 You were right-handed.
 You were in the Dungeons of Doom, on level 5.
 You entered the dungeon 2596 turns ago.
 It was nighttime.
 You had 88 experience points, 72 more were needed to attain level 5.

Basics:
 You had 0 out of 31 hit points.
 You had all 17 energy points (spell power).
 Your armor class was 9.
 Your wallet was empty, but
 you had 294 zorkmids stashed away in your pack.
 Autopickup was off.

Final Characteristics:
 Your strength was 14 (limit:18/100).
 Your dexterity was 13 (limit:18).
 Your constitution was 12 (limit:18).
 Your intelligence was 12 (limit:18).
 Your wisdom was 14 (limit:18).
 Your charisma was 13 (limit:18).

Final Status:
 You weren't hungry.
 You were unencumbered.
 You were wielding a whip.
 You had basic skill with whip.

Final Attributes:
 You were devoutly aligned.
 You had automatic searching.
 You were lucky.
 You are dead.

Miscellaneous:
 You didn't encounter any bones levels.
 Total elapsed playing time was 29 minutes and 1 second.

Major events:
 Turn
    1: LDaviesPeters the neutral female human Archeologist entered the dungeon
  935: attained the rank of Field Worker (level 3)
 1543: entered the Gnomish Mines
 2596: killed by a pony

You didn't know any spells.

Skills:
 Fighting Skills
   bare handed combat [Unskilled]
   two weapon combat  [Unskilled]
   riding             [Unskilled]
 Weapon Skills
   dagger             [Unskilled]
   knife              [Unskilled]
   pick-axe           [Basic]
   short sword        [Unskilled]
   saber              [Unskilled]
   club               [Unskilled]
   quarterstaff       [Unskilled]
   sling              [Unskilled]
   dart               [Unskilled]
   boomerang          [Unskilled]
   whip               [Basic]
   unicorn horn       [Unskilled]
 Spellcasting Skills
   attack spells      [Unskilled]
   healing spells     [Unskilled]
   divination spells  [Unskilled]
   matter spells      [Unskilled]

Voluntary challenges:
 Character rerolling was not enabled.
 You were an atheist.
 You never genocided any monsters.
 You never polymorphed an object.
 You never changed form.
 You used no wishes.
Achievements:
 You entered a shop.
 You attained the rank of Field Worker.
 You entered the Gnomish Mines.

 The Dungeons of Doom: levels 1 to 6
    Level 1:
       A fountain.
    Level 2:
       A potion shop, a fountain.
    Level 3:
       A fountain.
    Level 4:
       A tool shop.
       Stairs down to The Gnomish Mines.
    Level 5: <- You were here.
       Some fountains, a grave.
       Final resting place for
          you, killed by a pony.
    Level 6:
 The Gnomish Mines:
    Level 5:


Vanquished creatures:
  a shrieker
  2 kittens
  a rothe
 an iguana
 an acid blob
  a coyote
  a manes
  4 geckos
  3 jackals
  2 foxes
  a kobold
  a goblin
  a sewer rat
  6 grid bugs
  5 lichens
  a kobold zombie
  5 newts
37 creatures vanquished.

No species were genocided or became extinct.

Game over:
                       ----------
                      /          \
                     /    REST    \
                    /      IN      \
                   /     PEACE      \
                  /                  \
                  |  LDaviesPeters   |
                  |      294 Au      |
                  | killed by a pony |
                  |                  |
                  |                  |
                  |                  |
                  |       2026       |
                 *|     *  *  *      | *
        _________)/\\_//(\/(/\)/\//\/|_)_______

Goodbye LDaviesPeters the Archeologist...

You died in The Dungeons of Doom on dungeon level 5 with 877 points,
and 294 pieces of gold, after 2596 moves.
You were level 4 with a maximum of 31 hit points when you died.

